cohdb
Replays
Latest Replays
All Replays
Popular Replays
Top Player Replays
Match Explorer
How It Works
Community
CoH3 Stats
Reddit
Sign in to upload your games and track your stats! →
Sign in with Steam
Match 39856189
Unlisted
Match 39856189
Overview
Messages
Build Orders
End
Construct Infanterie Kompanie
Selects Mechanized Battlegroup
Selects Mechanized Battlegroup
GrW 34 Mortar Team
MG 42 Machine Gun Team
Grenadier Squad
Grenadier Squad
Construct Panzergrenadier Kompanie
251 Medium Carrier
Selects Spotting Scopes
Panzergrenadier Squad
Construct Panzer Kompanie
Hunter™
Tirant
Dark Angels
shadow 2
LiffLaffLuff
Jimbobloft
General Custard Cream
ComradeIgor
0
0
Comments
sign in to comment!
No comments posted yet!